[Event "Titled Tuesday Blitz August 02 Early 2022"]
[White "Andreikin, Dmitry"]
[Black "Nakamura, Hikaru"]
[WhiteFideId "4158814"]
[BlackFideId "2016192"]
[WhiteElo "2736"]
[BlackElo "2850"]
[Result "0-1"]
[Round "10"]
[TimeControl "180+1"]
[Date "2022.08.02"]
[WhiteClock "0:00:02"]
[BlackClock "0:00:13"]

1. d4 Nf6 2. c4 e6 3. Nf3 d5 4. Nc3 Be7 5. Bf4 O-O 6. e3 Nbd7 7. Be2 dxc4 8. O-O a6 9. a4 Nb6 10. Ne5 Nfd5 11. Bg3 c5 12. dxc5 Nxc3 13. bxc3 Bxc5 14. Qc2 a5 15. Rfd1 Qe8 16. h4 Kh8 17. h5 f6 18. Nxc4 Nxc4 19. Bxc4 Qxh5 20. Rab1 e5 21. Bd5 Rb8 22. Bf3 Bg4 23. Qe4 Bxf3 24. gxf3 b6 25. Kg2 Qg6 26. Qxg6 hxg6 27. f4 exf4 28. Bxf4 Rbc8 29. Rd7 Kg8 30. Bd6 Bxd6 31. Rxd6 Rxc3 32. Rbxb6 Rc4 33. Rb7 Kh7 34. Rdd7 Rg8 35. Rd5 Rxa4 36. Ra7 g5 37. Raxa5 Rg4+ 38. Kf3 Rh4 39. Rd1 Kg6 40. Raa1 Rgh8 41. Ra7 Rh3+ 42. Ke2 Rh2 43. Rdd7 R8h7 44. Kf1 Rh1+ 45. Kg2 Rb1 46. Rab7 Re1 47. Ra7 Re2 48. Kf3 Re1 49. Kg2 g4 50. Ra4 Rh4 51. Raa7 Rh7 52. Ra4 f5 53. Ra6+ Kg5 54. Raa7 Kh6 55. Ra6+ g6 56. Rxh7+ Kxh7 57. Rb6 Kh6 58. Ra6 Kg5 59. Rb6 Ra1 60. Rc6 Ra2 61. Rb6 Ra3 62. Rc6 Kh5 63. Rc8 Ra2 64. Rh8+ Kg5 65. Rb8 Kf6 66. Rb6+ Kg7 67. Rb7+ Kh6 68. Rb6 Ra8 69. Rc6 Rf8 70. Kg3 Kg5 71. Rb6 Rf6 72. Rb8 Rd6 73. Rb7 Kf6 74. Rb5 g5 75. Ra5 Re6 76. Ra8 Re7 77. Rf8+ Kg6 78. Rg8+ Kh6 79. Rh8+ Kg7 80. Ra8 Re5 81. Ra6 Rb5 82. Rc6 Rb3 83. Ra6 Rb1 84. Rc6 Rh1 85. Kg2 Rh3 86. Rc5 Kg6 87. Rc6+ Kh5 88. Rf6 Rf3 89. Rf8 f4 90. exf4 gxf4 91. Rh8+ Kg5 92. Rg8+ Kf5 93. Rf8+ Ke4 94. Re8+ Kd3 95. Rd8+ Ke2 96. Re8+ Kd2 97. Rd8+ Rd3 98. Rf8 Rd4 99. f3 g3 100. Re8 Kc3 101. Kh3 Rd2 102. Re4 Rh2+ 103. Kg4 g2 104. Re1 Rh1 0-1


[Site "https://www.chess.com"]

[Event "Titled Tuesday Blitz August 02 Early 2022"]
[White "Atakhan, Abtin"]
[Black "Gareyev, Timur"]
[WhiteFideId "22502203"]
[BlackFideId "14200937"]
[WhiteElo "2087"]
[BlackElo "2559"]
[Result "0-1"]
[Round "10"]
[TimeControl "180+1"]
[Date "2022.08.02"]
[WhiteClock "0:00:02"]
[BlackClock "0:00:19"]

1. Nf3 d6 2. d4 Bf5 3. c4 Nf6 4. Nc3 g6 5. Qb3 Qc8 6. g3 Bg7 7. Bg2 c6 8. O-O O-O 9. Re1 e5 10. dxe5 dxe5 11. Nxe5 Re8 12. Nf3 Na6 13. Bf4 Nc5 14. Qd1 Nfe4 15. Nxe4 Bxe4 16. Qc1 Na4 17. b3 Nc5 18. Bh6 Bh8 19. Qf4 Bxa1 20. Rxa1 Qf5 21. Qd2 f6 22. Qc3 Bxf3 23. Bxf3 g5 24. Qd4 Rad8 25. Qg4 Qg6 26. Qh5 Ne4 27. h4 Nd2 28. Bg4 f5 29. Qxg6+ hxg6 30. Bh3 g4 31. Bf1 Kf7 32. Bg5 Rd7 33. Re1 Ne4 34. Bf4 Kf6 35. Rc1 g5 36. hxg5+ Nxg5 37. Bg2 Rxe2 38. Be3 Nf3+ 39. Kf1 Rxa2 40. b4 b6 41. b5 c5 42. Bf4 Rd4 43. Be3 Rd8 44. Bf4 Nd2+ 45. Kg1 Ne4 46. Be3 Rd3 47. Re1 Nc3 48. Bf4 Rd1 49. Be5+ Ke6 50. Bxc3+ Rxe1+ 51. Bxe1 Ra1 52. Bd5+ Ke5 53. Kf1 a5 54. Ke2 Kd4 55. Bd2 Ra2 56. Kd1 Kd3 57. Be3 a4 58. Be6 Ke4 59. Kc1 a3 60. Kb1 Rb2+ 61. Ka1 f4 62. Bxf4 Rxf2 63. Bxg4 Kd3 64. Be6 Kc3 65. Bc1 Rf1 66. Kb1 Kb3 0-1


[Site "https://www.chess.com"]

[Event "Titled Tuesday Blitz August 02 Early 2022"]
[White "Boros, Denes"]
[Black "Harsha Bharathakoti"]
[WhiteFideId "722340"]
[BlackFideId "5078776"]
[WhiteElo "2464"]
[BlackElo "2575"]
[Result "0-1"]
[Round "10"]
[TimeControl "180+1"]
[Date "2022.08.02"]
[WhiteClock "0:00:14"]
[BlackClock "0:00:12"]

1. e4 e6 2. c4 c5 3. Nc3 Nc6 4. Nge2 Nd4 5. d3 Ne7 6. Nxd4 cxd4 7. Ne2 Nc6 8. g3 b5 9. Bg2 bxc4 10. dxc4 Bb4+ 11. Bd2 Bxd2+ 12. Qxd2 e5 13. Nc1 a5 14. Nd3 d6 15. O-O O-O 16. b3 Qb6 17. Rfc1 Nb4 18. c5 Qb8 19. Nb2 Be6 20. Na4 Rd8 21. Nb6 Ra7 22. Nd5 dxc5 23. Rxc5 Rad7 24. Rxa5 Nxd5 25. exd5 Bxd5 26. Bh3 Ra7 27. Re1 Rxa5 28. Qxa5 f6 29. Rc1 Bf7 30. Bf5 g6 31. Bd3 f5 32. Rc7 e4 33. Bc4 Bxc4 34. bxc4 Qb1+ 35. Kg2 e3 36. f3 e2 37. Qe5 Qf1# 0-1


[Site "https://www.chess.com"]

[Event "Titled Tuesday Blitz August 02 Early 2022"]
[White "Bortnyk, Olexandr"]
[Black "Gokerkan, Cem Kaan"]
[WhiteFideId "14120828"]
[BlackFideId "6336760"]
[WhiteElo "2723"]
[BlackElo "2364"]
[Result "1-0"]
[Round "10"]
[TimeControl "180+1"]
[Date "2022.08.02"]
[WhiteClock "0:01:29"]
[BlackClock "0:00:08"]

1. d4 Nf6 2. Nc3 d5 3. Bf4 e6 4. Nb5 Na6 5. e3 Be7 6. Nf3 O-O 7. Ne5 c6 8. Nc3 Nb8 9. Bd3 c5 10. Qf3 Nc6 11. O-O-O cxd4 12. exd4 Nxd4 13. Bxh7+ Nxh7 14. Rxd4 Bd7 15. Nxd5 exd5 16. Rxd5 Nf6 17. Nxd7 Nxd5 18. Qxd5 Re8 19. Rd1 Qc8 20. Rd3 Qc6 21. Qxc6 bxc6 22. c3 Rad8 23. Kc2 Bh4 24. Be3 Re6 25. Nc5 Rxd3 26. Nxd3 Re7 27. g3 Bf6 28. h4 Rc7 29. b4 Be7 30. a4 Bd6 31. a5 f6 32. Kb3 Kf7 33. Kc4 Ke6 34. a6 Rf7 35. Nc1 Bb8 36. Nb3 Kd7 37. Nc5+ Kc8 38. h5 Re7 39. Bd4 Re1 40. g4 Be5 41. Nd3 Ra1 42. Nxe5 fxe5 43. Bxe5 Rg1 44. f3 Rf1 45. Bxg7 1-0


[Site "https://www.chess.com"]

[Event "Titled Tuesday Blitz August 02 Early 2022"]
[White "Cnejev, Vladimir-Alexandru"]
[Black "Munkhgal, Gombosuren"]
[WhiteFideId "1260898"]
[BlackFideId "4901266"]
[WhiteElo "1951"]
[BlackElo "2576"]
[Result "1-0"]
[Round "10"]
[TimeControl "180+1"]
[Date "2022.08.02"]
[WhiteClock "0:00:17"]
[BlackClock "0:00:25"]

1. e4 d6 2. d4 Nf6 3. Nd2 g6 4. Ngf3 Bg7 5. c3 O-O 6. Bd3 Nbd7 7. O-O e5 8. Re1 Nh5 9. a4 Nf4 10. Bf1 f5 11. exf5 gxf5 12. dxe5 dxe5 13. Nc4 Ng6 14. Bg5 Qe8 15. Qd5+ Kh8 16. Rad1 Nb6 17. Nxb6 axb6 18. h4 c6 19. Qd6 Rxa4 20. h5 Nf4 21. h6 Re4 22. hxg7+ Kxg7 23. Bh6+ Kg8 24. Qxf8+ Qxf8 25. Bxf8 Kxf8 26. Rxe4 fxe4 27. Nxe5 Bf5 28. g3 Nd5 29. Bc4 Nf6 30. Kg2 Ke7 31. f3 b5 32. Be2 Ke6 33. f4 e3 34. g4 Be4+ 35. Kg3 Bd5 36. Bf3 Bb3 37. Re1 Kd6 38. Rxe3 h6 39. g5 hxg5 40. fxg5 Ng8 41. g6 Ne7 42. Kf4 b6 43. Kg5 c5 44. Kf6 Ng8+ 45. Kg5 Ne7 46. Nf7+ Kd7 47. Bg4+ Ke8 48. Nd6+ Kf8 49. g7+ Kxg7 50. Rxe7+ Kf8 51. Rb7 b4 52. Rxb6 bxc3 53. bxc3 c4 54. Be6 Ke7 55. Bxc4 Bc2 56. Nf5+ Kd7 57. Rb7+ Kc6 58. Re7 Kc5 59. Bg8 Kc6 60. Re5 Kd7 61. Bd5 Kc7 62. Kf6 Kd8 63. Re6 Kd7 64. Rd6+ Ke8 65. Bc6+ Kf8 66. Rd8# 1-0


[Site "https://www.chess.com"]

[Event "Titled Tuesday Blitz August 02 Early 2022"]
[White "Csonka, Balazs"]
[Black "Melikyan, Gnel"]
[WhiteFideId "742910"]
[BlackFideId "54109990"]
[WhiteElo "2404"]
[BlackElo "1772"]
[Result "1-0"]
[Round "10"]
[TimeControl "180+1"]
[Date "2022.08.02"]
[WhiteClock "0:00:03"]
[BlackClock "0:00:13"]

1. c4 e6 2. Nc3 d5 3. e3 Nf6 4. Nf3 b6 5. cxd5 Nxd5 6. Nxd5 Qxd5 7. b3 Ba6 8. Bxa6 Nxa6 9. Bb2 Be7 10. Bxg7 Rg8 11. Be5 Nb4 12. O-O Nd3 13. Bg3 h5 14. h4 Bd6 15. Bxd6 cxd6 16. Ng5 Ke7 17. Qxh5 Rg7 18. Qf3 Qxf3 19. Nxf3 e5 20. Ne1 Nb4 21. a3 Nd5 22. Rc1 f5 23. d4 Ke6 24. dxe5 dxe5 25. Nc2 Rag8 26. g3 f4 27. exf4 exf4 28. Nd4+ Ke5 29. Nc6+ Kf5 30. Nd4+ Ke4 31. Rcd1 fxg3 32. Rfe1+ Kf4 33. Ne6+ Kf3 34. Rd3+ Kg4 35. Rxg3+ Kxh4 36. Nxg7 Nf4 37. Re4 Rxg7 38. Rxf4+ Rg4 39. Rfxg4+ 1-0


[Site "https://www.chess.com"]

[Event "Titled Tuesday Blitz August 02 Early 2022"]
[White "Hamley, Ryan"]
[Black "Wu, Rochelle"]
[WhiteFideId "30959497"]
[BlackFideId "30908132"]
[WhiteElo "2475"]
[BlackElo "2168"]
[Result "0-1"]
[Round "10"]
[TimeControl "180+1"]
[Date "2022.08.02"]
[WhiteClock "0:01:33"]
[BlackClock "0:01:52"]

1. d4 Nf6 2. c4 g6 3. Nc3 d5 4. Nf3 Bg7 5. Qb3 c6 6. cxd5 cxd5 7. Bg5 e6 8. e3 Nc6 9. Be2 O-O 10. O-O a6 11. Rac1 h6 12. Bf4 Nh5 13. Bg3 f5 14. Rfd1 f4 15. exf4 Nxf4 16. Bf1 Qf6 17. Qc2 Bd7 18. Qd2 g5 19. Na4 Be8 20. Nc5 Bh5 21. Bxf4 gxf4 22. Nd7 Qf7 23. Nxf8 Rxf8 24. Be2 Bxf3 25. Bxf3 Nxd4 26. Bg4 Qg6 27. Bh3 Nf3+ 0-1


[Site "https://www.chess.com"]

[Event "Titled Tuesday Blitz August 02 Early 2022"]
[White "Harmon-Vellotti, Luke"]
[Black "Lobanov, Sergei"]
[WhiteFideId "2030012"]
[BlackFideId "24183750"]
[WhiteElo "2354"]
[BlackElo "2524"]
[Result "1/2-1/2"]
[Round "10"]
[TimeControl "180+1"]
[Date "2022.08.02"]
[WhiteClock "0:00:15"]
[BlackClock "0:00:09"]

1. e4 e5 2. Nf3 Nc6 3. Bb5 a6 4. Ba4 Bc5 5. c3 Ba7 6. O-O Nge7 7. d4 Ng6 8. Be3 O-O 9. Nbd2 exd4 10. cxd4 d5 11. e5 Nce7 12. Bc2 Bf5 13. Re1 Qd7 14. Rc1 c6 15. Nb3 Rae8 16. Bg5 h6 17. Bd2 f6 18. exf6 Rxf6 19. Ne5 Nxe5 20. Rxe5 Bxc2 21. Qxc2 Nf5 22. Rxe8+ Qxe8 23. Qd3 Qh5 24. h3 Qh4 25. Bc3 Nd6 26. Rc2 Ne4 27. Be1 Bb8 28. Nc5 Qf4 29. g3 Qf5 30. Re2 Nxc5 31. Qxf5 Rxf5 32. dxc5 Re5 33. Kf1 Kf7 34. Bc3 Rxe2 35. Kxe2 g6 36. Ke3 Ke6 37. f4 h5 38. g4 hxg4 39. hxg4 Bc7 40. Kf3 Bd8 41. Ke3 b5 42. b4 Be7 43. Kf3 Bh4 44. Ke2 Bg3 45. Kf3 Bh4 46. Ke2 Bf6 47. Bxf6 Kxf6 48. Ke3 Ke6 49. Kd4 Kf6 50. Ke3 g5 51. f5 Ke5 52. Kd3 Kf6 53. Kd4 Kf7 54. Ke5 Kg7 55. f6+ Kf7 56. Kf5 d4 57. Ke4 Kxf6 58. Kxd4 Ke6 59. Ke4 Kf6 60. Kd4 Ke6 61. Ke4 Kf6 62. Kd4 1/2-1/2


[Site "https://www.chess.com"]

[Event "Titled Tuesday Blitz August 02 Early 2022"]
[White "Harsh Suresh"]
[Black "Krsnik Cohar, Ivan Vihor"]
[WhiteFideId "45018464"]
[BlackFideId "14520044"]
[WhiteElo "2059"]
[BlackElo "2414"]
[Result "1-0"]
[Round "10"]
[TimeControl "180+1"]
[Date "2022.08.02"]
[WhiteClock "0:00:48"]
[BlackClock "0:00:02"]

1. d4 Nf6 2. Nf3 e6 3. Bf4 d5 4. e3 Bd6 5. c3 c5 6. Nbd2 Nc6 7. Bb5 O-O 8. Bxc6 bxc6 9. O-O cxd4 10. cxd4 c5 11. dxc5 Bxc5 12. Rc1 Bd6 13. Bg3 Qb6 14. Nc4 dxc4 15. Qxd6 Qxb2 16. Rxc4 Qxa2 17. Rfc1 Bb7 18. Ne5 Rad8 19. Qe7 Qd2 20. h3 Qd5 21. f3 Ba8 22. Rd4 Qa5 23. Nc4 Nd5 24. Qxf8+ 1-0


[Site "https://www.chess.com"]

[Event "Titled Tuesday Blitz August 02 Early 2022"]
[White "Harshavardhan G B"]
[Black "Jakubowski, Krzysztof"]
[WhiteFideId "25059009"]
[BlackFideId "1112848"]
[WhiteElo "1831"]
[BlackElo "2365"]
[Result "1-0"]
[Round "10"]
[TimeControl "180+1"]
[Date "2022.08.02"]
[WhiteClock "0:00:22"]
[BlackClock "0:00:22"]

1. e4 c6 2. d4 d5 3. e5 Bf5 4. h4 Qb6 5. g4 Bd7 6. h5 e6 7. Nc3 c5 8. Be3 Nc6 9. Nge2 Rc8 10. Bg2 cxd4 11. Nxd4 Nxd4 12. Bxd4 Bc5 13. Ne2 Nh6 14. Bxc5 Rxc5 15. Nd4 Qxb2 16. O-O Rc4 17. Nf3 Qxc2 18. Qxc2 Rxc2 19. Rab1 b6 20. Rfc1 Rxa2 21. Rc7 Nxg4 22. Rbc1 Ke7 23. Rb7 Rd8 24. Rcc7 Nxf2 25. Bf1 Ne4 26. Nd4 Ke8 27. Rxd7 Rxd7 28. Bb5 Nc5 29. Rb8+ Ke7 30. Nc6# 1-0


[Site "https://www.chess.com"]

[Event "Titled Tuesday Blitz August 02 Early 2022"]
[White "Khripachenko, Alexander"]
[Black "Nguyen, Quoc Hy"]
[WhiteFideId "54184975"]
[BlackFideId "12410853"]
[WhiteElo "2147"]
[BlackElo "1938"]
[Result "0-1"]
[Round "10"]
[TimeControl "180+1"]
[Date "2022.08.02"]
[WhiteClock "0:00:49"]
[BlackClock "0:00:05"]

1. e4 c5 2. Nf3 Nc6 3. d4 cxd4 4. Nxd4 e5 5. Nb5 d6 6. a4 Be7 7. N1c3 a6 8. Na3 Nf6 9. Bg5 O-O 10. Bxf6 Bxf6 11. Bc4 Qb6 12. Rb1 Qd4 13. O-O Be6 14. Qe2 Rac8 15. Rfd1 Qc5 16. Nd5 Bg5 17. c3 Ne7 18. Nxe7+ Bxe7 19. Bd5 Bxd5 20. Rxd5 Qc6 21. a5 f5 22. Rbd1 fxe4 23. Qxe4 Rf4 24. Qe2 e4 25. g3 Rf7 26. Qxe4 Rcf8 27. f4 g5 28. f5 Rxf5 29. Qe6+ R5f7 30. Rf1 Kg7 31. Rxf7+ Rxf7 32. Nc2 Qa4 33. Ne3 Qa1+ 34. Rd1 Qxa5 35. g4 Qc5 36. Rd4 Bf6 37. Rc4 Qb6 38. Kg2 Be5 39. Nf5+ Rxf5 40. Qxf5 Qxb2+ 41. Qf2 Qxf2+ 42. Kxf2 b5 43. Rc7+ Kg6 44. h3 h5 45. Kf3 hxg4+ 46. hxg4 Kf6 47. Ke4 Ke6 48. Rc6 a5 49. c4 bxc4 50. Rxc4 d5+ 51. Kd3 dxc4+ 52. Kxc4 Bc7 0-1


[Site "https://www.chess.com"]

[Event "Titled Tuesday Blitz August 02 Early 2022"]
[White "Kosteniuk, Alexandra"]
[Black "Odegov, Artem"]
[WhiteFideId "4128125"]
[BlackFideId "34183644"]
[WhiteElo "2469"]
[BlackElo "2286"]
[Result "0-1"]
[Round "10"]
[TimeControl "180+1"]
[Date "2022.08.02"]
[WhiteClock "0:00:39"]
[BlackClock "0:01:39"]

1. e4 e6 2. d4 d5 3. Nc3 Bb4 4. a3 Bxc3+ 5. bxc3 dxe4 6. Qg4 Nf6 7. Qxg7 Rg8 8. Qh6 c5 9. Ne2 Nc6 10. dxc5 Rg6 11. Qe3 Ne7 12. c4 Nf5 13. Qc3 Bd7 14. Nf4 Rg8 15. Bb2 Ng4 16. h3 Nxf2 17. Kxf2 Qh4+ 18. Kg1 Qxf4 19. Rh2 e3 20. Qe1 Bc6 21. Bd3 Nh4 22. Be5 Nf3+ 23. Kh1 Qxe5 24. g3 Nxe1+ 0-1


[Site "https://www.chess.com"]

[Event "Titled Tuesday Blitz August 02 Early 2022"]
[White "Le, Tuan Minh"]
[Black "Maksimovic, Bojan"]
[WhiteFideId "12401153"]
[BlackFideId "14408120"]
[WhiteElo "2530"]
[BlackElo "2453"]
[Result "1-0"]
[Round "10"]
[TimeControl "180+1"]
[Date "2022.08.02"]
[WhiteClock "0:00:29"]
[BlackClock "0:00:03"]

1. d4 c5 2. c3 cxd4 3. cxd4 Nf6 4. Nf3 e6 5. Nc3 d5 6. Bf4 a6 7. e3 Nc6 8. Rc1 Bd6 9. Bg3 O-O 10. Bd3 Qe7 11. Bh4 Qd8 12. O-O Be7 13. Bb1 Bd7 14. Ne5 Nxe5 15. dxe5 Ne8 16. Bg3 g6 17. e4 dxe4 18. Bxe4 Rb8 19. Bf4 Ng7 20. h3 Qe8 21. Bh6 Bc6 22. Qf3 Rc8 23. Bxc6 Qxc6 24. Ne4 Qb5 25. Nd6 Bxd6 26. exd6 Rfd8 27. Qf6 Nf5 28. Bf4 Qd7 29. Be5 1-0


[Site "https://www.chess.com"]

[Event "Titled Tuesday Blitz August 02 Early 2022"]
[White "Livaic, Leon"]
[Black "Kamsky, Gata"]
[WhiteFideId "14531534"]
[BlackFideId "2000024"]
[WhiteElo "2540"]
[BlackElo "2645"]
[Result "1-0"]
[Round "10"]
[TimeControl "180+1"]
[Date "2022.08.02"]
[WhiteClock "0:00:19"]
[BlackClock "0:00:01"]

1. d4 f5 2. Nc3 Nf6 3. Bg5 d5 4. Bxf6 exf6 5. e3 Be6 6. Bd3 Nc6 7. a3 Ne7 8. Nge2 g6 9. Qd2 c6 10. O-O Nc8 11. Na4 Nd6 12. Nc5 Bf7 13. b3 b6 14. Na4 Ne4 15. Qe1 b5 16. Nb2 Rb8 17. a4 b4 18. a5 Bd6 19. f3 Ng5 20. a6 h5 21. Na4 Qe7 22. Qd2 h4 23. f4 Ne4 24. Bxe4 fxe4 25. c3 Be6 26. cxb4 Bxb4 27. Qc2 Kf7 28. Nc5 Bg4 29. Nb7 h3 30. g3 Rhc8 31. Ra4 Rxb7 32. axb7 Qxb7 33. Nc1 Bd6 34. Qa2 Rc7 35. b4 Bxb4 36. Nb3 Qb5 37. Rxa7 Rxa7 38. Qxa7+ Be7 39. Nc1 Qb4 40. Qa2 Kg7 41. f5 gxf5 42. Ne2 Qc4 43. Qxc4 dxc4 44. Nc3 Bb4 45. Rc1 Bf3 46. Kf2 Kf7 47. Na2 Bd6 48. Rxc4 Ke7 49. Rxc6 Bd1 50. Nc3 Bb3 51. Rb6 Bc4 52. Rc6 Bb3 53. Ra6 Bc4 54. Ra7+ Ke6 55. Rh7 Bb4 56. Ne2 Bxe2 57. Kxe2 Bd6 58. Rxh3 Kf7 59. Rh7+ Kg6 60. Rd7 Bf8 61. d5 Bc5 62. Rc7 Bd6 63. Rc6 Be5 64. d6 Kf7 65. h4 Ke6 66. h5 Kd7 67. Rc7+ 1-0


[Site "https://www.chess.com"]

[Event "Titled Tuesday Blitz August 02 Early 2022"]
[White "Makarian, Rudik"]
[Black "Madaminov, Mukhiddin"]
[WhiteFideId "44105681"]
[BlackFideId "14210703"]
[WhiteElo "2403"]
[BlackElo "2011"]
[Result "1/2-1/2"]
[Round "10"]
[TimeControl "180+1"]
[Date "2022.08.02"]
[WhiteClock "0:00:09"]
[BlackClock "0:00:05"]

1. d3 Nf6 2. f4 d5 3. Nf3 g6 4. g3 Bg7 5. Bg2 O-O 6. O-O b6 7. Ne5 Bb7 8. Nc3 Nbd7 9. Nxd7 Qxd7 10. e4 dxe4 11. dxe4 Qxd1 12. Rxd1 Rfd8 13. e5 Rxd1+ 14. Nxd1 Bxg2 15. Kxg2 Nd5 16. Bd2 e6 17. c4 Ne7 18. Bc3 Kf8 19. Kf3 h5 20. h3 Ke8 21. Nf2 a5 22. Ne4 a4 23. g4 hxg4+ 24. hxg4 Rd8 25. Rh1 Nc6 26. Ke3 Kf8 27. Rf1 Ke7 28. Rh1 Kf8 29. Nf6 Bxf6 30. exf6 Ke8 31. Ke4 Nb8 32. Rh8+ Kd7 33. Rh7 Ke8 34. Be5 Na6 35. Ke3 c6 36. Bd4 c5 37. Bc3 Nb8 38. Ke4 Nc6 39. Rh1 Rc8 40. Rh8+ Kd7 41. Rh7 Ke8 42. f5 exf5+ 43. gxf5 gxf5+ 44. Kxf5 Rd8 45. Rh8+ Kd7 46. Rh1 Ke8 47. Ke4 Kd7 48. Kf5 Nd4+ 49. Bxd4 cxd4 50. Ke4 Kc6 51. Kd3 Rd6 52. Rf1 b5 53. cxb5+ Kxb5 54. a3 Rd5 55. Rf4 Kc5 56. Rf1 Rh5 57. Rc1+ Kd5 58. Rc7 Rh3+ 59. Kd2 Rh2+ 60. Kd3 Rh3+ 61. Kd2 Rh2+ 62. Kd3 Rxb2 63. Rxf7 Rb3+ 64. Kd2 Rxa3 65. Rd7+ Ke5 66. f7 Rf3 67. Ra7 Ke4 68. Re7+ Kd5 69. Ra7 a3 70. Rxa3 Rxf7 71. Ra8 Rf2+ 72. Kd3 Rf3+ 73. Kd2 Ke4 74. Re8+ Kd5 75. Rd8+ Kc4 76. Rc8+ Kd5 77. Rd8+ Ke4 78. Re8+ Kd5 79. Rd8+ 1/2-1/2


[Site "https://www.chess.com"]

[Event "Titled Tuesday Blitz August 02 Early 2022"]
[White "Martinez Alcantara, Jose Eduardo"]
[Black "Aradhya, Garg"]
[WhiteFideId "3805662"]
[BlackFideId "25006746"]
[WhiteElo "2703"]
[BlackElo "2203"]
[Result "1-0"]
[Round "10"]
[TimeControl "180+1"]
[Date "2022.08.02"]
[WhiteClock "0:00:24"]
[BlackClock "0:00:13"]

1. e4 e5 2. Nf3 Nc6 3. Bb5 a6 4. Ba4 Nf6 5. d3 Bc5 6. c3 b5 7. Bb3 O-O 8. Bg5 h6 9. Bh4 Be7 10. Nbd2 d6 11. O-O Nh5 12. Bg3 Nxg3 13. hxg3 g6 14. Bd5 Bd7 15. d4 Bf6 16. dxe5 dxe5 17. Nb3 Ra7 18. Qd2 Ne7 19. Nc5 Nxd5 20. exd5 Bf5 21. Rfe1 Qd6 22. b4 Rd8 23. Rad1 Kg7 24. Qe3 Qb6 25. Nxe5 Re8 26. f4 a5 27. a3 axb4 28. axb4 Ra2 29. d6 cxd6 30. Ne6+ Rxe6 31. Qxb6 dxe5 32. Qc5 exf4 33. Rxe6 Bxe6 34. gxf4 Bc4 35. Re1 Ra8 36. Re3 Rd8 37. Kh2 h5 38. Qc6 Rd2 39. Qf3 Bd5 40. Qf1 h4 41. Kh3 Be6+ 42. Rxe6 fxe6 43. Qxb5 Bxc3 44. Kxh4 Bf6+ 45. Kh3 Rb2 46. Qd7+ Kf8 47. Qxe6 Be7 48. Qxg6 Rxb4 49. g3 Rd4 50. Kg4 Rd6 51. Qh7 Rf6 52. Kf3 Rd6 53. g4 Rb6 54. g5 Rb3+ 55. Kg4 Rb6 56. Qh8+ Kf7 57. Qd4 Rd6 58. Qc4+ Kg7 59. f5 Bd8 60. Qc5 Be7 61. f6+ Kf7 62. fxe7 Kxe7 63. g6 Ke6 64. Qxd6+ Kxd6 65. g7 Ke7 66. g8=Q Kf6 67. Qg5+ Kf7 68. Qh6 Ke7 69. Qg6 Kd7 70. Kf5 Kc7 71. Ke5 Kb7 72. Kd5 Ka7 73. Kc5 Kb7 74. Qf6 Kc7 75. Qf7+ Kd8 76. Kc6 Kc8 77. Qf8# 1-0


[Site "https://www.chess.com"]

[Event "Titled Tuesday Blitz August 02 Early 2022"]
[White "Omariev, Maksim"]
[Black "Samunenkov, Ihor"]
[WhiteFideId "4193423"]
[BlackFideId "14187086"]
[WhiteElo "2497"]
[BlackElo "2409"]
[Result "1-0"]
[Round "10"]
[TimeControl "180+1"]
[Date "2022.08.02"]
[WhiteClock "0:00:05"]
[BlackClock "0:00:01"]

1. g4 d5 2. Bg2 c6 3. h3 e5 4. d4 e4 5. c4 h5 6. Nc3 hxg4 7. cxd5 gxh3 8. Nxh3 cxd5 9. Qb3 Ne7 10. Bg5 f6 11. Be3 Nbc6 12. Nf4 Rxh1+ 13. Bxh1 Na5 14. Qa4+ Kf7 15. O-O-O Bd7 16. Qc2 Rc8 17. Kb1 Nc4 18. Bc1 b5 19. Qb3 a5 20. Ncxd5 Nxd5 21. Nxd5 Be6 22. Bxe4 Bxd5 23. Bxd5+ Qxd5 24. f3 f5 25. Qd3 Re8 26. Re1 Rd8 27. Rd1 Nd6 28. Bf4 Qc4 29. Qd2 Re8 30. e3 Qd5 31. Rg1 Nc4 32. Qg2 Qe6 33. Qg5 Qf6 34. Qh5+ g6 35. Qh7+ Qg7 36. Qh4 Nxe3 37. d5 Nxd5 38. Rd1 Nxf4 39. Qxf4 Qf6 40. Qc7+ Re7 41. Qd8 Bg7 42. Qd5+ Qe6 43. Qxb5 Qe5 44. Qb3+ Re6 45. a3 g5 46. Ka2 Kg6 47. Rd5 Qf6 48. Rxa5 Re2 49. Rb5 g4 50. fxg4 fxg4 51. Qd3+ Kf7 52. Qxe2 g3 53. Qg2 Qe6+ 54. Rb3 Be5 55. Qf3+ Ke7 56. a4 Qc4 57. Kb1 Qxa4 58. Re3 Qd4 59. Qxg3 1-0


[Site "https://www.chess.com"]

[Event "Titled Tuesday Blitz August 02 Early 2022"]
[White "Pinheiro, Iung Alicio de O."]
[Black "Demchenko, Anton"]
[WhiteFideId "2104350"]
[BlackFideId "4160258"]
[WhiteElo "2283"]
[BlackElo "2539"]
[Result "1-0"]
[Round "10"]
[TimeControl "180+1"]
[Date "2022.08.02"]
[WhiteClock "0:00:06"]
[BlackClock "0:00:03"]

1. e4 g6 2. d4 d6 3. Nc3 Bg7 4. Be3 a6 5. Qd2 b5 6. h4 h6 7. h5 g5 8. f4 gxf4 9. Bxf4 Bb7 10. a3 Nd7 11. Nf3 c5 12. Be3 Ngf6 13. d5 Ng4 14. Bf4 Nge5 15. Be2 Qc7 16. Nxe5 Nxe5 17. g4 O-O-O 18. O-O-O Kb8 19. Kb1 Qb6 20. g5 b4 21. axb4 Qxb4 22. gxh6 Bf6 23. Bg5 Bxg5 24. Qxg5 Rde8 25. Qe3 Ka7 26. Na2 Qb6 27. Rhg1 Rb8 28. b3 Bc8 29. Rg7 Bd7 30. h7 a5 31. Kb2 a4 32. Ra1 Kb7 33. Nc3 axb3 34. cxb3 Kc7 35. Na4 Qb4 36. Qc3 Bxa4 37. Qxb4 Rxb4 38. Rxa4 Rxa4 39. bxa4 Kb6 40. Bb5 Ka5 41. Be8 Rxe8 42. Rg8 Kxa4 43. Rxe8 Nd3+ 44. Kc3 Nf4 45. h8=Q 1-0


[Site "https://www.chess.com"]

[Event "Titled Tuesday Blitz August 02 Early 2022"]
[White "Pranav Anand"]
[Black "Aldokhin, Ivan"]
[WhiteFideId "46626786"]
[BlackFideId "24115720"]
[WhiteElo "2259"]
[BlackElo "2246"]
[Result "1-0"]
[Round "10"]
[TimeControl "180+1"]
[Date "2022.08.02"]
[WhiteClock "0:01:10"]
[BlackClock "0:00:02"]

1. e4 c5 2. Nf3 e6 3. g3 Nc6 4. Bg2 Nf6 5. Qe2 d6 6. O-O Be7 7. c3 O-O 8. d4 cxd4 9. cxd4 d5 10. e5 Ne4 11. Nbd2 Nxd2 12. Bxd2 Bd7 13. h4 h6 14. Rac1 Rc8 15. Be3 Qb6 16. Nh2 f5 17. exf6 Bxf6 18. Qg4 Nxd4 19. Rxc8 Bxc8 20. Bxh6 Qxb2 21. Bg5 Qe2 22. Nf3 Bxg5 23. Qxd4 Bf6 24. Qxa7 e5 25. Re1 Qb2 26. Qa5 Be6 27. Qc7 e4 28. Qd6 exf3 29. Qxe6+ Kh8 30. Bxf3 Bd4 31. Re2 Qa1+ 32. Kg2 Qc3 33. Qg4 Qd3 34. Bxd5 Qh7 35. Be4 Qh6 36. Rc2 Bf6 37. Rc5 g6 38. Bxg6 Bd4 39. Rh5 1-0


[Site "https://www.chess.com"]

[Event "Titled Tuesday Blitz August 02 Early 2022"]
[White "Sarana, Alexey"]
[Black "Vasquez Schroeder, Rodrigo"]
[WhiteFideId "24133795"]
[BlackFideId "3400042"]
[WhiteElo "2666"]
[BlackElo "2567"]
[Result "1-0"]
[Round "10"]
[TimeControl "180+1"]
[Date "2022.08.02"]
[WhiteClock "0:00:30"]
[BlackClock "0:00:54"]

1. c4 c6 2. e4 d5 3. exd5 cxd5 4. d4 Nf6 5. Nc3 e6 6. Nf3 Bb4 7. Bd3 dxc4 8. Bxc4 O-O 9. O-O b6 10. Bg5 Bb7 11. Qe2 Bxc3 12. bxc3 Nbd7 13. Rac1 Qc7 14. Bd3 Ng4 15. Be4 Bxe4 16. Qxe4 Ngf6 17. Qd3 h6 18. Bh4 Rac8 19. c4 Qb7 20. Rfe1 Qa6 21. Ne5 Rc7 22. Qg3 Rfc8 23. Rcd1 Ne8 24. Ng4 Qxc4 25. Nxh6+ Kf8 26. Ng4 Qd5 27. Ne3 Qh5 28. d5 e5 29. Be7+ Kxe7 30. d6+ Nxd6 31. Nd5+ Ke6 32. Nf4+ 1-0


[Site "https://www.chess.com"]